 Dungeon Crawl Stone Soup version 0.20.1-1-g8b1a95d (console) character file.

361 hilaritas the Ducker (level 6, -5/49 HPs)
             Began as a Human Wanderer on Mar 25, 2018.
             Slain by ceb's ghost (12 damage)
             ... on level 4 of the Dungeon.
             The game lasted 00:11:34 (4437 turns).

hilaritas the Ducker (Human Wanderer)               Turns: 4437, Time: 00:11:35

Health: -5/49      AC:  6    Str: 18    XL:     6   Next: 99%
Magic:  9/9        EV: 12    Int: 12    God:
Gold:   139        SH:  0    Dex:  9    Spells: 9/9 levels left

rFire    . . .     SeeInvis .   h - +2 short sword (venom)
rCold    . . .     Gourm    .   (no shield)
rNeg     . . .     Faith    .   p - +0 ring mail
rPois    .         Spirit   .   (no helmet)
rElec    .         Reflect  .   (no cloak)
rCorr    .         Harm     .   u - +0 pair of gloves
MR       .....                  (no boots)
Stlth    +.........             (no amulet)
Regen    0.2/turn               (no ring)
MPRegen  0.2/turn               (no ring)

@: no status effects
A: no striking features
a: no special abilities


You were on level 4 of the Dungeon.
You were not hungry.

You visited 1 branch of the dungeon, and saw 4 of its levels.
You also visited: Sewer.

You collected 139 gold pieces.

Inventory:

Hand Weapons
 a - a +2 dagger
 h - a +2 short sword of venom (weapon)
Missiles
 j - a tomahawk (quivered)
Armour
 e - a +1 robe
 p - a +0 ring mail (worn)
 u - a +0 pair of gloves (worn)
Jewellery
 q - an uncursed ring of wizardry
 r - an uncursed ring of wizardry
Scrolls
 b - 2 scrolls of fear
 c - 2 scrolls of teleportation
 n - a scroll of amnesia
Potions
 g - a potion of brilliance
 k - a potion of mutation {unknown}
 l - a potion of curing {unknown}
 m - a potion of degeneration {unknown}
 o - 4 potions of heal wounds
 s - 2 potions of flight {unknown}
Books
 d - Ynoifol's Grimoire of Earth

   Spells                             Type                      Level
   a - Sandblast                      Earth                        1
   b - Stone Arrow                    Conjuration/Earth            3
Comestibles
 f - 3 bread rations
 i - a meat ration


   Skills:
 * Level 4.7 Fighting
 + Level 4.9 Dodging
 - Level 1.0 Stealth
   Level 1.0 Shields
 - Level 2.0 Spellcasting
   Level 2.0 Conjurations
   Level 1.0 Earth Magic


You had 9 spell levels left.
You didn't know any spells.

Dungeon Overview and Level Annotations

Branches:
Dungeon (4/15)
 Temple: D:4-7

Altars:
Fedhas
Qazlal

Annotations:
D:4 ceb's ghost, amateur DsFi


Message History

You hit ceb's ghost but do no damage.
Ceb's ghost is moderately damaged.
Ceb's ghost hits you.
It was a potion of heal wounds.
You feel much better. Ceb's ghost completely misses you.
You hit ceb's ghost.
Ceb's ghost is heavily damaged.
Ceb's ghost hits you but does no damage.
You hit ceb's ghost but do no damage.
Ceb's ghost is heavily damaged.
Ceb's ghost hits you!
You barely miss ceb's ghost.
Ceb's ghost is heavily damaged.
Ceb's ghost barely misses you.
You hit ceb's ghost.
Ceb's ghost is heavily damaged.
Ceb's ghost hits you!
* * * LOW HITPOINT WARNING * * *
Ceb's ghost hits you!
You die...

.#####.#.#####
..............##
......##........
..###. #......##
## #.....(## .
##........
#.#.......##
#.#..#(##.#
#...?(....#
###.W##.### #@.#
.# #..# $# ...#
##.## #.# #.#
#.# #..


You could see ceb's ghost.

Vanquished Creatures
  A sky beast (D:3)
  A big kobold (Sewer)
  An orc priest (D:3)
  A centaur skeleton (D:4)
  6 adders
  2 worms (D:2)
  5 dart slugs
  A leopard gecko (D:2)
  3 orcs (D:3)
  3 giant cockroaches
  7 goblins
  10 hobgoblins
  7 jackals
  11 kobolds
  A ball python (D:1)
  6 bats
  A frilled lizard (D:2)
  8 rats
75 creatures vanquished.

Notes
Turn   | Place    | Note
-------+----------+-------------------------------------------
     0 | D:1      | hilaritas the Human Wanderer began the quest for the Orb.
     0 | D:1      | hilaritas set off with: a +2 dagger, a scroll of fear, a scroll of teleportation, Ynoifol's Grimoire of Earth, a +0 robe, a bread ration
     0 | D:1      | Reached XP level 1. HP: 15/15 MP: 3/3
     0 | D:1      | Identified Ynoifol's Grimoire of Earth
   369 | D:1      | Reached XP level 2. HP: 16/21 MP: 5/5
   945 | D:1      | Reached XP level 3. HP: 15/26 MP: 6/6
  2398 | D:2      | Reached XP level 4. HP: 15/33 MP: 7/7
  3274 | D:3      | Found a stormy altar of Qazlal.
  3275 | D:3      | Found a blossoming altar of Fedhas.
  3294 | D:3      | Reached XP level 5. HP: 34/40 MP: 8/8
  3365 | D:3      | Noticed a sky beast
  3377 | D:3      | Killed a sky beast
  3377 | D:3      | Reached XP level 6. HP: 39/48 MP: 9/9
  3636 | D:3      | Found a glowing drain.
  3647 | Sewer    | Entered a sewer
  3775 | Sewer    | Found a white marble altar of Elyvilon.
  4421 | D:4      | Noticed ceb's ghost (amateur DsFi)
  4437 | D:4      | Slain by ceb's ghost

Skill      XL: |  1  2  3  4  5  6 |
---------------+-------------------+-----
Dodging        | 3 4 |  4.9
Fighting       | 2 3 4 |  4.7
Stealth        | |  1.0
Shields        | |  1.0
Spellcasting   | |  2.0
Conjurations   | |  2.0
Earth Magic    | |  1.0

Action                   |  1- 3 |  4- 6 || total
-------------------------+-------+-------++-------
Melee: Dagger            |    91 |       ||    91
       Short sword       |    41 |   154 ||   195
Throw: Tomahawk          |     9 |     8 ||    17
  Use: Scroll            |     5 |     3 ||     8
       Potion            |       |     1 ||     1
  Eat: Chunk             |     5 |     4 ||     9
       Royal jelly       |       |     1 ||     1
Armor: Robe              |    25 |    15 ||    40
       Ring mail         |       |    34 ||    34
Dodge: Dodged            |    81 |    98 ||   179
